AoeStats
← RoR | Ammiraglio

Arena

506412666Analyzed
4v4 RM · 17d ago on Sep 13, 2026· 38m 52s· 8 players
Game mode
Random Map
Map size
Large (8 player)
Population
200
Speed
Normal
Resources
Standard
Victory
Conquest
Starting age
Dark Age
Ending age
Imperial Age
RankedLock teamsTeams togetherTeam positionsShared explorationLock speedFull tech treeHidden civsTurbo modeCheats
Victory
Defeat
🇮🇹 Georgians · Italy
1899
+8
🇮🇹 Malay · Italy
1844
+10
🇮🇹 Mapuche · Italy
1584
+20
🇮🇹 Huns · Italy
1572
+20
🇯🇵 Burgundians · Japan
1725
-16
🇧🇴 Khmer · Bolivia
1710
-15
🇩🇿 Poles · Algeria
1706
-15
🇩🇪 Mongols · Germany
1631
-12
EagleWarrior420
10:11 Feudal Age
13:45 Castle Age
11:44 Horse Collar
12:03 Double-Bit Axe
15:16 Bow Saw
15:18 Heavy Plow
16:37 Bow Saw
18:02 Loom
21:23 Scale Mail Armor
23:23 Wheelbarrow
24:25 Chain Mail Armor
24:54 Forging
25:28 Squires
25:14 Arson
28:52 Fletching
28:46 Pikeman
29:51 Bodkin Arrow
Hommi
9:33 Feudal Age
13:36 Castle Age
12:31 Double-Bit Axe
12:27 Horse Collar
27:18 Imperial Age
27:06 Bow Saw
26:58 Heavy Plow
27:35 Wheelbarrow
27:34 Heavy Scorpion
29:39 Siege Engineers
29:55 Ballistics
30:36 Chemistry
30:00 Ballistics
30:43 Chemistry
31:13 Drill
31:14 Conscription
32:26 Capped Ram
33:44 Fortified Wall
34:35 Siege Ram
NeeNee
3:26 Double-Bit Axe
8:00 Horse Collar
10:26 Feudal Age
14:31 Castle Age
13:20 Bow Saw
13:38 Heavy Plow
16:15 Two-Man Saw
17:12 Loom
20:49 Wheelbarrow
21:40 Crop Rotation
21:15 Stone Mining
22:48 Gold Mining
27:56 Imperial Age
25:38 Scale Mail Armor
26:21 Gold Shaft Mining
26:17 Hand Cart
26:44 Stone Shaft Mining
26:59 Ballistics
26:53 Squires
27:07 Forging
26:31 Pikeman
27:27 Arson
27:58 Burgundian Vineyards
29:37 Chemistry
29:02 Conscription
28:14 Halberdier
30:22 Iron Casting
31:02 Chain Mail Armor
33:27 Plate Mail Armor
34:10 Masonry
35:32 Blast Furnace
36:12 Elite Coustillier
36:58 Fletching
37:42 Architecture
37:56 Scale Barding Armor
39:22 Hoardings
到
10:38 Feudal Age
13:27 Castle Age
11:40 Horse Collar
12:11 Double-Bit Axe
15:38 Bow Saw
20:47 Wheelbarrow
21:05 Heavy Plow
21:47 Stone Mining
23:48 Loom
24:51 Gold Mining
28:26 Imperial Age
26:49 Gold Shaft Mining
26:26 Husbandry
27:01 Bloodlines
28:22 Scale Barding Armor
29:16 Ballistics
29:56 Conscription
31:03 Chemistry
30:43 Chain Barding Armor
29:56 Elite Ballista Elephant
32:06 Hand Cart
33:08 Plate Barding Armor
32:24 Fletching
33:41 Siege Engineers
34:29 Double Crossbow
35:42 Forging
34:55 Light Cavalry
35:33 Bodkin Arrow
35:44 Hussar
37:00 Iron Casting
36:40 Masonry
36:25 Murder Holes
38:00 Bracer
39:29 Blast Furnace
39:21 Stone Shaft Mining
MrDJM
8:53 Feudal Age
9:19 Horse Collar
9:24 Double-Bit Axe
16:05 Castle Age
17:26 Loom
18:40 Bow Saw
23:51 Imperial Age
22:28 Bow Saw
24:58 Town Watch
25:48 Wheelbarrow
25:53 Fletching
37:37 Forging
39:09 Iron Casting
RoR | Ammiraglio
13:27 Feudal Age
13:45 Double-Bit Axe
13:44 Horse Collar
16:37 Castle Age
16:57 Bow Saw
16:49 Heavy Plow
17:28 Wheelbarrow
19:26 Loom
20:04 Hand Cart
21:56 Loom
22:44 Gold Mining
23:32 Scale Barding Armor
23:30 Husbandry
28:33 Forging
30:10 Gold Shaft Mining
34:14 Imperial Age
35:19 Chemistry
34:31 Fletching
34:25 Elite Karambit Warrior
35:28 Conscription
35:35 Conscription
36:12 Iron Casting
36:52 Siege Engineers
36:47 Bodkin Arrow
37:59 Blast Furnace
37:12 Bodkin Arrow
38:24 Town Watch
38:40 Caravan
39:11 Coinage
38:44 Padded Archer Armor
38:48 Squires
38:33 Arson
38:08 Pikeman
38:09 Man-at-Arms
Mattroid 99
11:18 Feudal Age
15:25 Castle Age
13:36 Double-Bit Axe
14:10 Horse Collar
16:20 Husbandry
17:29 Bow Saw
21:11 Heavy Plow
22:12 Wheelbarrow
24:22 Hand Cart
25:27 Gold Mining
25:27 Stone Mining
27:13 Fletching
27:37 Forging
27:32 Scale Barding Armor
30:00 Imperial Age
27:42 Bloodlines
27:55 Loom
28:27 Heavy Plow
30:45 Chain Barding Armor
30:19 Cavalier
32:25 Conscription
34:34 Plate Barding Armor
34:34 Iron Casting
34:43 Paladin
39:03 Ballistics
39:44 Chemistry
39:45 Blast Furnace
39:04 Caravan
Mettiu
10:43 Feudal Age
14:50 Castle Age
12:41 Horse Collar
12:47 Double-Bit Axe
15:56 Bow Saw
17:03 Wheelbarrow
16:50 Fervor
20:30 Stone Mining
22:43 Stone Shaft Mining
22:32 Town Watch
22:33 Loom
23:58 Hand Cart
24:05 Gold Mining
27:59 Imperial Age
26:13 Scale Mail Armor
26:23 Forging
25:51 Pikeman
26:31 Squires
27:20 Squires
27:36 Chain Mail Armor
27:42 Heavy Plow
28:05 Onager
29:32 Siege Engineers
30:29 Chemistry
29:50 Conscription
31:19 Halberdier
33:00 Siege Onager
34:24 Redemption
35:02 Plate Mail Armor
34:27 Halberdier
36:19 Forging
35:37 Siege Onager
37:52 Masonry
38:27 Fletching
Connection lost

Rejoining the realm…

Still unreachable

The connection could not be restored.

Session expired

The server has moved on; the page needs a fresh start.